 Dungeon Crawl Stone Soup version 0.22-a0-49-g614aadd (webtiles) character file.

143 gmonis the Cudgeler (level 5, -2/46 HPs)
             Began as a Minotaur Berserker on Jan 8, 2018.
             Was a Believer of Trog.
             Slain by a worm (8 damage)
             ... on level 3 of the Dungeon.
             The game lasted 00:01:55 (1851 turns).

gmonis the Cudgeler (Minotaur Berserker)            Turns: 1851, Time: 00:01:56

Health: -2/46      AC:  2    Str: 23    XL:     5   Next: 4%
Magic:  4/4        EV: 12    Int:  1    God:    Trog [**....]
Gold:   54         SH:  0    Dex:  9    Spells: 4/4 levels left

rFire    . . .     SeeInvis .   a - +0 mace
rCold    . . .     Gourm    .   (no shield)
rNeg     . . .     Faith    .   b - +0 animal skin
rPois    .         Spirit   .   (helmet restricted)
rElec    .         Reflect  .   (no cloak)
rCorr    .         Harm     .   (no gloves)
MR       .....                  (no boots)
Stlth    +.........             (no amulet)
HPRegen  0.15/turn              d - -3 ring of intelligence (curse)
MPRegen  0.09/turn              (no ring)

@: berserk cooldown, slowed, very slow
A: retaliatory headbutt, horns 2
a: Berserk, Trog's Hand, Burn Spellbooks, Renounce Religion


You were on level 3 of the Dungeon.
You worshipped Trog.
Trog was pleased with you.
You were hungry.

You visited 1 branch of the dungeon, and saw 3 of its levels.

You collected 54 gold pieces.

Inventory:

Hand Weapons
 a - a +0 mace (weapon)
Missiles
 n - 19 stones (quivered)
Armour
 b - a +0 animal skin (worn)
Jewellery
 d - a cursed -3 ring of intelligence (left hand)
Wands
 m - a wand of polymorph (15)
Scrolls
 e - 2 scrolls of identify {unknown}
 g - a scroll of fog {unknown}
 k - a scroll of enchant armour {unknown}
Potions
 f - a potion of flight {unknown}
 h - 2 potions of agility {unknown}
 i - a potion of degeneration {unknown}
 j - a potion of lignification {unknown}
 l - a potion of heal wounds {unknown}
Comestibles
 c - 8 rations


   Skills:
 - Level 3.9 Fighting
 + Level 6.7 Maces & Flails
 - Level 2.5 Armour
 - Level 2.2 Dodging


You had 4 spell levels left.
You didn't know any spells.

Dungeon Overview and Level Annotations

Branches:
Dungeon (3/15)

Altars:
Yredelemnul


Innate Abilities, Weirdness & Mutations

You reflexively headbutt those who attack you in melee.
You have a pair of horns on your head.


Message History

A worm comes into view.
You hit the killer bee zombie. You headbutt the killer bee zombie.
You destroy the killer bee zombie!
Trog accepts your kill.
You have reached level 5!
The ooze jiggles.
You feel a strong urge to attack something.
The ooze barely misses you.
Found a lumpy ruby potion.
You sock the ooze!
The ooze is almost dead.
The ooze closely misses you. You furiously retaliate!
You headbutt the ooze!
You kill the ooze!
Trog accepts your kill.
You feel a strong urge to attack something.
You are no longer berserk.
You are exhausted.
You feel yourself slow down.
You hit the worm but do no damage. The worm bites you!
You die...

!# #..#.##. ..#
#......# ..
..##..#.#.#
##.##.........##
....##.....#..####
###.%..............
............#...##
...........@w....#
.###..†............
......)..........##
.......<......#...#
......#.......# ..#
......#.......# ..
..... #.......# .
..... #.......#
.... #.......#


You could see a worm.

Vanquished Creatures
  Jessica (D:2)
  A killer bee zombie (D:3)
  Robin (D:2)
  An adder (D:2)
  2 oozes (D:3)
  A worm (D:3)
  4 leopard geckos (D:2)
  An orc (D:3)
  2 ball pythons
  3 bats
  2 giant cockroaches
  13 goblins
  11 hobgoblins
  7 kobolds
  4 frilled lizards
  5 rats
59 creatures vanquished.

Notes
Turn   | Place    | Note
-------+----------+-------------------------------------------
     0 | D:1      | gmonis the Minotaur Berserker began the quest for the Orb.
     0 | D:1      | Reached XP level 1. HP: 19/19 MP: 0/0
   255 | D:1      | Reached skill level 4 in Maces & Flails
   255 | D:1      | Reached XP level 2. HP: 26/27 MP: 1/1
   667 | D:2      | Noticed Robin
   673 | D:2      | Reached XP level 3. HP: 33/33 MP: 2/2
   676 | D:2      | Reached ** piety under Trog
   678 | D:2      | Reached skill level 5 in Maces & Flails
   686 | D:2      | Killed Robin
  1212 | D:2      | Noticed Jessica
  1216 | D:2      | Killed Jessica
  1216 | D:2      | Reached XP level 4. HP: 28/40 MP: 3/3
  1223 | D:2      | Reached skill level 6 in Maces & Flails
  1743 | D:2      | Found a basalt altar of Yredelemnul.
  1834 | D:3      | Noticed Ijyb
  1845 | D:3      | Reached XP level 5. HP: 8/46 MP: 4/4
  1851 | D:3      | Slain by a worm

Vault maps used:
D:1:      nzn_arrival_depleted_hourglass, minmay_misc_feat_ornament,
          roderic_lattice_a
D:2:      marbit_many_paths, first_ration, uniq_robin, uniq_jessica
D:3:      lemuel_crystal_altar, uniq_ijyb

Skill      XL: |  1  2  3  4 |
---------------+-------------+-----
Maces & Flails | 4 5 6 |  6.7
Fighting       | |  3.9
Armour         | |  2.5
Dodging        | |  2.2

Action                   |  1- 3 |  4- 6 || total
-------------------------+-------+-------++-------
Melee: Mace              |    65 |    37 ||   102
       Headbutt          |     4 |     5 ||     9
Invok: Berserk           |       |     1 ||     1
  Eat: Chunk             |     1 |     2 ||     3
Armor: Animal skin       |     4 |     5 ||     9
Dodge: Dodged            |    32 |    23 ||    55

Table legend:
 A = Spawn XP
 B = Non-spawn XP
 C = Spawn XP percentage of total XP
 D = Spawn monster count
 E = Non-spawn monster count
 F = Spawn count percentage of total count
 G = Total turns spent on level
                    A         B        C        D         E        F      G
               +---------+---------+-------+---------+---------+-------+---------
         Total |       0 |     205 |   0.0 |       0 |      59 |   0.0 |  1851
               +---------+---------+-------+---------+---------+-------+---------
           D:1 |       0 |      28 |   0.0 |       0 |      17 |   0.0 |   649
           D:2 |       0 |     125 |   0.0 |       0 |      36 |   0.0 |  1184
           D:3 |       0 |      52 |   0.0 |       0 |       6 |   0.0 |    18
               +---------+---------+-------+---------+---------+-------+---------
